 Dungeon Crawl Stone Soup version 0.30.0-17-ge0270778cf (webtiles) character file.

Game seed: 7947501577641673703

198884 SnakkuSnakku7 the Tortoise (level 17, -13/109 (164) HPs)
             Began as an Armataur Artificer on May 21, 2023.
             Was an Initiate of Gozag.
             Mangled by a spectral alligator snapping turtle (19 damage)
             ... on level 1 of the Shoals.
             The game lasted 00:51:39 (25875 turns).

SnakkuSnakku7 the Tortoise (Armataur Artificer)    Turns: 25875, Time: 00:51:40

HP:   -13/109 (164) AC: 31    Str: 19 (24) XL:     17   Next: 82%
MP:   15/15         EV:  7    Int:  9 (11) God:    Gozag
Gold: 3601          SH: 13    Dex:  9 (13) Spells: 16/16 levels left

rFire   . . .        a - +6 broad axe (elec)
rCold   + . .        e - +2 kite shield {reflect}
rNeg    . . .        n - +3 chain mail {rC+}
rPois   .            s - +2 helmet
rElec   .            D - +1 cloak
rCorr   .            C - +2 pair of gloves
SInv    .            (no barding)
Will    ++...        r - amulet of regeneration Stlth
                     v - ring of willpower
HPRegen 1.18/turn    K - +4 ring of protection
MPRegen 0.14/turn

%: reflection, roll
@: gold aura, very heavily drained
A: large, rugged brown scales 3, deformed body, armoured tail, roll, long
tongue, awkward tongue, low MP 1
}: 1/15 runes: gossamer
a: Renounce Religion, Potion Petition, Call Merchant, Bribe Branch


You were on level 1 of the Shoals.
You worshipped Gozag.
Gozag was most pleased with you.
You visited 6 branches of the dungeon, and saw 29 of its levels.
You also visited: Ice Cave.

You collected 10388 gold pieces.
You spent 743 gold pieces at shops.
You paid 6044 gold pieces to Gozag.

Inventory:

Hand Weapons
 a - a +6 broad axe of electrocution (weapon)
 Q - a +0 broad axe of freezing
 T - a +1 scimitar of flaming
Missiles
 z - 2 curare-tipped darts
Armour
 e - a +2 kite shield of reflection (worn)
 k - a scarf of resistance
 n - a +3 chain mail of cold resistance (worn)
 s - a +2 helmet (worn)
 y - a +0 tower shield
 C - a +2 pair of gloves (worn)
 D - a +1 cloak (worn)
Jewellery
 r - an amulet of regeneration (around neck)
 t - a ring of poison resistance
 v - a ring of willpower (left hand)
 w - a ring of ice
 E - a ring of see invisible
 K - a +4 ring of protection (right hand)
Wands
 d - a wand of charming (14)
 j - a wand of digging (8)
 x - a wand of flame (8)
Scrolls
 b - 7 scrolls of poison
 f - 8 scrolls of fear
 l - 9 scrolls of fog
 m - 7 scrolls of immolation
 p - 11 scrolls of teleportation
 q - 10 scrolls of identify
 L - 2 scrolls of magic mapping
Potions
 c - 4 potions of invisibility
 g - 4 potions of might
 h - 9 potions of curing
 o - a potion of heal wounds
 u - 5 potions of mutation
 A - 10 potions of cancellation
 B - 5 potions of magic
 F - 2 potions of resistance
 G - 5 potions of ambrosia
 H - 7 potions of attraction
 O - 6 potions of brilliance
 P - 3 potions of lignification
 S - 2 potions of haste
Miscellaneous
 i - a phantom mirror


   Skills:
 + Level 14.9 Fighting
 - Level 18.0 Axes
 - Level 20.0 Armour
 - Level 6.0 Dodging
 - Level 1.1 Stealth
 - Level 12.0 Shields
 - Level 3.0 Evocations


You had 16 spell levels left.
You didn't know any spells.
Your spell library contained the following spells:

 Spells                   Type           Power      Damage    Failure   Level
 Apportation              Tloc           0%         N/A       95%         1
 Foxfire                  Conj/Fire      0%         2x1d4     95%         1
 Slow                     Hex            0%         N/A       95%         1
 Summon Small Mammal      Summ           0%         N/A       95%         1
 Ensorcelled Hibernation  Hex/Ice        0%         N/A       98%         2
 Lesser Beckoning         Tloc           0%         N/A       98%         2
 Passwall                 Tmut/Erth      0%         N/A       98%         2
 Sublimation of Blood     Necr           0%         N/A       98%         2
 Call Canine Familiar     Summ           0%         N/A       100%        3
 Confusing Touch          Hex            0%         N/A       100%        3
 Gell's Gravitas          Tloc           0%         N/A       100%        3
 Ignite Poison            Fire/Tmut/Pois 0%         N/A       100%        3
 Mephitic Cloud           Conj/Pois/Air  0%         N/A       100%        3
 Ozocubu's Armour         Ice            0%         N/A       100%        3
 Spider Form              Tmut/Pois      0%         N/A       100%        3
 Summon Guardian Golem    Hex/Summ       0%         N/A       100%        3
 Swiftness                Air            0%         N/A       100%        3
 Teleport Other           Tloc           0%         N/A       100%        3
 Vampiric Draining        Necr           0%         2d6       100%        3
 Anguish                  Hex/Necr       0%         N/A       100%        4
 Petrify                  Tmut/Erth      0%         N/A       100%        4
 Sticky Flame             Conj/Fire      0%         2d3       100%        4
 Summon Lightning Spire   Summ/Air       0%         N/A       100%        4
 Alistair's Intoxication  Tmut/Pois      0%         N/A       100%        5
 Borgnjor's Vile Clutch   Necr/Erth      0%         N/A       100%        5
 Fireball                 Conj/Fire      0%         3d3       100%        5
 Irradiate                Conj/Tmut      0%         3d11      100%        5
 Metabolic Englaciation   Hex/Ice        0%         N/A       100%        5
 Death Channel            Necr           0%         N/A       100%        6
 Plasma Beam              Fire/Air       0%         2x1d11    100%        6
 Starburst                Conj/Fire      0%         6d3       100%        6
 Ozocubu's Refrigeration  Ice            0%         4d7       100%        7
 Ignition                 Fire           0%         3d3       100%        8
 Animate Dead             Necr           Unusable   N/A       N/A         4
 Simulacrum               Ice/Necr       Unusable   N/A       N/A         6

Dungeon Overview and Level Annotations

Branches:
Dungeon (15/15)            Temple (1/1) D:5            Lair (5/5) D:8
 Shoals (2/4) Lair:3       Spider (4/4) Lair:3        Slime (0/5) Lair:4
    Orc (2/2) D:12            Elf (0/3) Orc:2        Vaults (0/5) D:13
 Depths (0/4) D:15          IceCv (visited)

Altars:
Ashenzari
Cheibriados
Elyvilon
Fedhas
Gozag
Hepliaklqana
Kikubaaqudgha
Nemelex Xobeh
Okawaru
Ru
Sif Muna
Trog
Uskayaw
Vehumet
Wu Jian
Xom
Yredelemnul
Jiyva

Shops:
D:5 (   D:6 *   D:11 =   Orc:1 *   Orc:2 *[:!(   Shoals:1 ?

Portals:
Abyss: D:12

Annotations:
Shoals:1 1 transporter, AtomicRavioli's ghost, adept OgFi


Innate Abilities, Weirdness & Mutations

You are completely covered in rugged brown scales. (AC +3, +7% HP)
Armour fits poorly on your strangely shaped body.
You have a long armoured tail.
You roll when moving toward enemies. (Rampage)
Your long tongue fully drains potion bottles. (2x potion effects)
Your tongue gives you trouble enunciating. (1.5x scroll delay)
Your magical capacity is low. (-10% MP)


Message History

You slash the tentacle!
Lightning courses through the tentacle!!
You destroy the tentacle!
The tentacle slaps you but does no damage.
You block the merfolk's attack.
Tentacles burst out of the water!
You block the spectral snapping turtle's attack. 2 tentacles come into view.
You hit the merfolk. Lightning courses through the merfolk!
The merfolk is heavily wounded.
You barely miss the tentacle.
You hit the spectral snapping turtle but do no damage.
The tentacle slaps you but does no damage.
The merfolk hits you with a +2 glaive of draining!
You feel drained.
The spectral snapping turtle closely misses you.
The tentacle closely misses you. The tentacle slaps you!
* * * LOW HITPOINT WARNING * * *
The tentacle moves out of view.
You hit the merfolk but do no damage. Lightning courses through the merfolk!!
The merfolk is almost dead.
You hit the tentacle but do no damage. You hit the tentacle.
You slash the spectral snapping turtle!
The spectral alligator snapping turtle bites you but does no damage.
The tentacle slaps you.
* * * LOW HITPOINT WARNING * * *
You feel drained.
The tentacle slaps you but does no damage.
You block the merfolk's attack.
The spectral snapping turtle bites you but does no damage.
You slash the merfolk! Lightning courses through the merfolk!
You kill the merfolk!
You slash the spectral snapping turtle! You barely miss the tentacle.
You hit the tentacle but do no damage. You block the tentacle's attack.
The tentacle slaps you!
* * * LOW HITPOINT WARNING * * *
You feel drained.
* * * LOW HITPOINT WARNING * * *
The spectral alligator snapping turtle bites you from afar!!
You die...
Your body crumbles into a pile of gold.

≈≈~~~~~~~~~~~~~~~~~~P.......P
≈≈~~~~.........P~~~PP........
≈≈~~~......PPP...P~P.........
≈≈~~~..∩..~~~~~~~~~~.~~.P....
≈≈≈~~~...~~###########~~.....
≈≈≈~~~~~.~##8~..~~.~8##~~~...
≈≈≈≈~~~~~~#8─~.#~#~..8#~~~~~~
≈≈≈≈~~~~~~#w#w≈≈#≈~~#.#.~~~~~
≈≈≈≈≈~~~~~#.@wZ≈≈≈≈.W)#~.~~~~
≈≈≈≈≈~~~~~#Z#w≈≈≈≈≈≈#|#...~~~
≈≈≈≈≈≈≈≈≈©#Z$#≈≈≈≈≈#mm#©...~~
≈≈≈≈≈≈≈≈≈~#~#Z≈≈≈≈≈~#Z#.....~
≈≈≈≈≈≈≈≈~#..~≈≈≈≈≈~.=#~....)
≈≈≈≈≈≈≈≈~#~#~~~#≈~.#.#......
≈≈≈≈≈≈≈≈≈≈≈≈~#8.~.#~#~.Z8#......
≈≈≈≈≈≈≈≈≈≈≈≈~##8 .~.~..8##~.....
≈≈≈≈≈≈≈≈≈≈≈≈~~###########~~.)...


You could see 4 tentacles, a spectral snapping turtle, a spectral alligator
snapping turtle and a spectral kraken.

Vanquished Creatures
  Jorgrun (Orc:1)
  Asterion (Spider:1)
  Frances (Spider:1)
  Donald (Spider:3)
  Agnes (D:15)
  6 emperor scorpions
  2 frost giants
  Aizul (Lair:3)
  7 ghost moths
  An orc warlord (Orc:2)
  2 broodmothers
  7 spark wasps
  The ghost of Cheops the Bludgeoner, a journeyman MiFi of Okawaru (Lair:4)
  Snorg (Lair:5)
  Josephine (D:12)
  2 merfolk impalers (Shoals:1)
  5 entropy weavers
  2 hydras (Lair:5)
  A great orb of eyes (D:12)
  5 boulder beetles
  A jorogumo (Spider:4)
  2 ogre magi
  3 catoblepae
  9 two-headed ogres
  3 centaur warriors
  A death scarab (Spider:4)
  4 radroaches
  16 death yaks
  5 tengu warriors
  6 skysharks
  2 sun moths
  2 sea snakes (Shoals:1)
  7 pharaoh ants
  13 orb spiders
  A wizard (D:12)
  9 steelbarb worms
  A lindwurm (D:12)
  6 harpies (Shoals:1)
  5 orc knights
  A deep elf pyromancer (D:15)
  A manticore (Shoals:1)
  8 fauns (Shoals:1)
  22 wolf spiders
  A worldbinder (D:12)
  An oklob plant (Lair:4)
  3 moths of wrath
  An orc sorcerer (Orc:2)
  8 cyclopes
  6 ugly things
  7 demonic crawlers
  6 black mambas
  3 merfolk sirens (Shoals:1)
  A gargoyle (D:14)
  Maurice (D:8)
  14 elephants
  20 cane toads
  An ice statue (IceCv)
  An unseen horror (shapeshifter) (D:13)
  An efreet (D:15)
  An unseen horror (D:9)
  4 torpor snails
  4 rime drakes
  15 komodo dragons
  9 trolls
  4 tyrant leeches (Lair:5)
  8 polar bears
  6 meliai
  25 tarantellas
  4 dream sheep (Lair:5)
  7 merfolk (Shoals:1)
  A snapping turtle (Shoals:1)
  24 blink frogs
  19 slime creatures
  A centaur simulacrum (D:15)
  Sigmund (D:4)
  A large abomination (D:12)
  43 jumping spiders
  6 wraiths
  6 wyverns
  2 water elementals (Shoals:1)
  A shadow (D:11)
  19 culicivoras
  37 yaks
  A steam dragon (D:7)
  3 basilisks
  18 vampire mosquitoes
  51 redbacks
  3 wargs
  16 water moccasins
  An acid dragon (D:14)
  3 ice beasts
  30 orc warriors
  A black bear (Lair:3)
  32 wolves
  12 ogres
  11 centaurs
  A phantom (D:5)
  A kobold brigand (D:10)
  16 bullfrogs
  2 scorpions
  14 wights
  7 killer bees
  An electric eel (Lair:2)
  7 howler monkeys
  5 hounds
  A jelly (D:5)
  16 orc priests
  Crazy Yiuf (D:4)
  11 orc wizards
  A sleepcap (D:6)
  Robin (D:2)
  7 adders
  2 white imps
  A worm (D:2)
  A dart slug (D:4)
  59 orcs
  6 endoplasms
  A giant cockroach (D:4)
  18 goblins
  7 hobgoblins
  A jackal (D:4)
  7 kobolds
  A quokka (D:1)
  6 ball pythons
  4 bats
  2 frilled lizards
  3 rats
  A spectral weapon (Spider:1)
  A tentacle (Shoals:1)
895 creatures vanquished.

Vanquished Creatures (collateral kills)
  Sonja (Orc:1)
  The ghost of Roubeug the Spry, a journeyman FeBe of Trog (D:12)
  A wolf spider (Spider:3)
  A torpor snail (Spider:3)
  An unseen horror (D:10)
  Prince Ribbit (D:7)
  A culicivora (Spider:3)
  A centaur (D:6)
  4 orcs (D:6)
  A kobold (D:10)
13 creatures vanquished.

Vanquished Creatures (others)
  A spark wasp (Spider:2)
  A torpor snail (Spider:4)
  A tengu conjurer (D:14)
  A redback (Spider:1)
  A tentacle (Shoals:1)
5 creatures vanquished.

Grand Total: 913 creatures vanquished

Notes
Turn   | Place    | Note
-------+----------+-------------------------------------------
     0 | D:1      | SnakkuSnakku7 the Armataur Artificer began the quest for
                  | the Orb.
     0 | D:1      | Reached XP level 1. HP: 16/16 MP: 1/1
    48 | D:1      | Reached skill level 1 in Fighting
   243 | D:1      | Reached XP level 2. HP: 24/25 MP: 2/2
   768 | D:2      | Reached XP level 3. HP: 32/32 MP: 3/3
   897 | D:2      | Noticed Robin
   915 | D:2      | Killed Robin
   916 | D:2      | Reached skill level 1 in Axes
  1261 | D:2      | Reached XP level 4. HP: 38/40 MP: 4/4
  1888 | D:4      | Noticed Sigmund
  1897 | D:4      | Killed Sigmund
  1898 | D:4      | Reached XP level 5. HP: 48/48 MP: 5/5
  1908 | D:4      | Reached XP level 6. HP: 53/54 MP: 6/6
  2419 | D:4      | Found a runed translucent door.
  2420 | D:4      | Noticed Crazy Yiuf
  2426 | D:4      | Killed Crazy Yiuf
  2470 | D:5      | Entered Level 5 of the Dungeon
  2495 | D:5      | Noticed an ice beast
  2612 | D:5      | Reached XP level 7. HP: 60/60 MP: 7/7
  2686 | D:5      | Found a staircase to the Ecumenical Temple.
  2696 | Temple   | Entered the Ecumenical Temple
  2704 | Temple   | Became a worshipper of Gozag Ym Sagoz the Greedy
  2725 | D:5      | Reached skill level 5 in Shields
  2735 | D:5      | Found Miomypn Tite's Antique Weapon Boutique.
  2967 | D:5      | Found a basalt altar of Yredelemnul.
  3043 | D:5      | Reached skill level 5 in Axes
  3043 | D:5      | Reached XP level 8. HP: 19/67 MP: 8/8
  3057 | D:5      | Bought a runed hand axe for 174 gold pieces
  3555 | D:6      | Found Wyijeas's Overcharged Wands.
  4119 | D:7      | Noticed Prince Ribbit
  4136 | D:7      | Killed Prince Ribbit
  4165 | D:7      | Reached XP level 9. HP: 29/74 MP: 9/9
  4577 | D:7      | Found a broken altar of Ashenzari.
  4833 | D:8      | Found a staircase to the Lair.
  5065 | D:8      | Noticed Maurice
  5072 | D:8      | Noticed a two-headed ogre
  5267 | D:8      | Reached skill level 10 in Shields
  5406 | D:8      | Found a faded altar of an unknown god.
  5406 | D:8      | Found an ancient bone altar of Kikubaaqudgha.
  5412 | D:8      | Found a bloodstained altar of Trog.
  5414 | D:8      | Found a blossoming altar of Fedhas.
  5415 | D:8      | Found a faded altar of an unknown god.
  5480 | D:8      | Killed Maurice
  5597 | D:9      | Noticed a two-headed ogre
  5605 | D:9      | Killed a two-headed ogre
  5606 | D:9      | Reached XP level 10. HP: 53/82 MP: 10/10
  5626 | D:9      | Found a shimmering altar of Xom.
  5653 | D:9      | Found an ornate altar of the Wu Jian Council.
  5861 | D:9      | Noticed a two-headed ogre
  5868 | D:9      | Killed a two-headed ogre
  6103 | D:10     | Entered Level 10 of the Dungeon
  6508 | D:10     | Found a sparkling altar of Nemelex Xobeh.
  6510 | D:10     | Noticed a two-headed ogre
  6536 | D:10     | Reached skill level 10 in Axes
  6914 | D:10     | Killed a two-headed ogre
  6915 | D:10     | Reached XP level 11. HP: 57/87 MP: 11/11
  7465 | Lair:1   | Entered Level 1 of the Lair of Beasts
  7588 | Lair:1   | HP: 2/87 [komodo dragon (20)]
  8287 | Lair:2   | Noticed a skyshark
  8298 | Lair:2   | Killed a skyshark
  9209 | Lair:3   | Found a hole to the Spider Nest.
  9218 | Lair:3   | Reached XP level 12. HP: 91/98 MP: 12/12
  9295 | Lair:3   | Reached skill level 5 in Fighting
  9381 | Lair:3   | Found a staircase to the Shoals.
 10178 | Lair:4   | Found a staircase to the Slime Pits.
 10178 | Lair:4   | Found a viscous altar of Jiyva.
 10267 | Lair:4   | Noticed a catoblepas
 10356 | Lair:4   | Killed a catoblepas
 10373 | Lair:4   | Found a transporter.
 10429 | Lair:4   | Noticed a catoblepas
 10431 | Lair:4   | Found a transporter.
 10456 | Lair:4   | Noticed Cheops's ghost (journeyman MiFi)
 10485 | Lair:4   | Killed a catoblepas
 10883 | Lair:5   | Entered Level 5 of the Lair of Beasts
 10883 | Lair:5   | Noticed a five-headed hydra
 10883 | Lair:5   | Noticed a five-headed hydra
 10883 | Lair:5   | Noticed a death yak
 10883 | Lair:5   | Noticed a death yak
 10883 | Lair:5   | Noticed a death yak
 10883 | Lair:5   | Noticed a death yak
 10883 | Lair:5   | Noticed a death yak
 10883 | Lair:5   | Noticed a death yak
 10893 | Lair:4   | Killed a death yak
 10896 | Lair:4   | Killed a death yak
 10900 | Lair:4   | Killed a death yak
 10981 | Lair:5   | Reached XP level 13. HP: 75/114 MP: 13/13
 11206 | Lair:5   | Noticed Snorg
 11231 | Lair:5   | Reached skill level 15 in Axes
 11237 | Lair:5   | Killed Snorg
 11461 | Lair:5   | Reached skill level 3 in Armour
 11467 | Lair:5   | Reached skill level 4 in Armour
 11525 | Lair:5   | Got Qulouvio's Vademecum on Topological Conduction
 11599 | Lair:5   | Reached skill level 5 in Armour
 11621 | Lair:5   | Reached skill level 6 in Armour
 11635 | Lair:5   | Reached skill level 7 in Armour
 11666 | Lair:5   | Reached skill level 8 in Armour
 11889 | Lair:4   | Reached skill level 9 in Armour
 11889 | Lair:4   | Reached XP level 14. HP: 99/123 MP: 14/14
 11996 | Lair:5   | Reached skill level 10 in Armour
 12322 | D:11     | Found Fawep's Jewellery Boutique.
 12822 | D:11     | Reached skill level 11 in Armour
 13650 | D:12     | Found a staircase to the Orcish Mines.
 13680 | D:12     | Noticed Roubeug's ghost (journeyman FeBe)
 13688 | D:12     | Reached skill level 12 in Armour
 13692 | D:12     | Found a transporter.
 13700 | D:12     | Found a one-way gate to the infinite horrors of the Abyss.
 13873 | D:12     | Reached skill level 1 in Dodging
 13970 | D:12     | Found a transporter.
 14155 | Orc:1    | Entered Level 1 of the Orcish Mines
 14183 | Orc:1    | Noticed Josephine
 14183 | Orc:1    | Noticed Sonja
 14184 | Orc:1    | Noticed Jorgrun
 14208 | D:12     | Killed Josephine
 14279 | Orc:1    | Your ally Sonja died
 14291 | Orc:1    | Killed Jorgrun
 14424 | Orc:1    | Found a shimmering blue altar of Sif Muna.
 14462 | Orc:1    | Found Odetuni's General Store.
 14471 | Orc:1    | Bought a potion of curing for 42 gold pieces
 14684 | Orc:2    | Entered Level 2 of the Orcish Mines
 14684 | Orc:2    | Found a staircase to the Elven Halls.
 14684 | Orc:2    | Found Reet's Book Boutique.
 14912 | Orc:2    | Found Niggeask's Antique Armour Shoppe.
 14972 | Orc:2    | Found Yho Tucik's General Store.
 14986 | Orc:2    | Reached skill level 5 in Dodging
 15098 | Orc:2    | Noticed an orc warlord
 15183 | Orc:2    | Killed an orc warlord
 15259 | Orc:2    | Found Ymucke's Antique Weapon Shoppe.
 15524 | Orc:2    | Found Ynloux's Distillery.
 15532 | Orc:2    | Bought a potion of heal wounds for 70 gold pieces
 15532 | Orc:2    | Bought a potion of curing for 42 gold pieces
 15532 | Orc:2    | Bought a potion of curing for 42 gold pieces
 15532 | Orc:2    | Bought a potion of might for 56 gold pieces
 15532 | Orc:2    | Bought 2 potions of cancellation for 224 gold pieces
 15532 | Orc:2    | Bought a potion of attraction for 42 gold pieces
 15819 | D:13     | Found a frozen archway.
 15826 | IceCv    | Entered an ice cave
 16108 | IceCv    | Reached XP level 15. HP: 129/129 MP: 15/15
 16280 | IceCv    | Noticed a frost giant
 16307 | IceCv    | Killed a frost giant
 16346 | IceCv    | Identified the +0 great sword of a wizard's laboratory
                  | {flame, rC+ rN+ Will-}
 16654 | D:13     | Found a gate to the Vaults.
 16974 | D:14     | Identified the +1 robe "Moten" {rC+ rN+ Dex-3 Stlth+}
 17138 | D:14     | Found a sacrificial altar of Ru.
 17632 | D:15     | Entered Level 15 of the Dungeon
 17811 | D:15     | Found a staircase to the Depths.
 17811 | D:15     | Noticed a frost giant
 17818 | D:15     | Killed a frost giant
 17855 | D:15     | Identified the +2 long sword of Theory {elec, rPois Will+
                  | SInv}
 18102 | D:15     | Identified the +4 long sword of the Yoke {heavy, rF+ rCorr
                  | Str-2 Dex+5}
 18342 | D:15     | Found a blossoming altar of Fedhas.
 18450 | D:15     | Noticed Agnes
 18462 | D:15     | Killed Agnes
 18879 | D:12     | Reached skill level 13 in Armour
 18919 | D:12     | Killed Roubeug's ghost
 19416 | Lair:4   | Killed Cheops's ghost
 19417 | Lair:4   | Reached skill level 14 in Armour
 19527 | Spider:1 | Entered Level 1 of the Spider Nest
 19633 | Spider:1 | Noticed Asterion
 19635 | Spider:1 | Reached skill level 15 in Armour
 19915 | Spider:1 | Reached skill level 16 in Armour
 19915 | Spider:1 | Reached XP level 16. HP: 65/136 MP: 16/16
 20216 | Spider:1 | Reached skill level 17 in Armour
 20352 | Spider:1 | Killed Asterion
 20476 | Spider:1 | Reached skill level 18 in Armour
 21152 | Spider:2 | Noticed Frances
 21241 | Spider:1 | Killed Frances
 21250 | Spider:2 | Reached skill level 19 in Armour
 21895 | Spider:3 | Reached skill level 20 in Armour
 22648 | Spider:3 | Reached skill level 10 in Fighting
 23153 | Spider:4 | Entered Level 4 of the Spider Nest
 23178 | Spider:4 | Noticed Donald
 23376 | Spider:3 | Killed Donald
 23409 | Spider:4 | Reached XP level 17. HP: 65/154 MP: 17/17
 23485 | Spider:4 | Gained mutation: Your magical capacity is low. (-10% MP)
                  | [mutagenic glow]
 24747 | Spider:4 | Got a gossamer rune of Zot
 25073 | Shoals:1 | Entered Level 1 of the Shoals
 25073 | Shoals:1 | Noticed Aizul
 25102 | Lair:3   | Killed Aizul
 25243 | Shoals:1 | Upgraded the game from 0.30.0-16-gbe6223bb7e to
                  | 0.30.0-17-ge0270778cf
 25322 | Shoals:1 | Found Bicwigy's Magic Scroll Shop.
 25330 | Shoals:1 | Bought a scroll of teleportation for 51 gold pieces
 25337 | Shoals:1 | Noticed AtomicRavioli's ghost (adept OgFi)
 25338 | Shoals:1 | Found a transporter.
 25344 | Shoals:1 | Found a transporter.
 25592 | Shoals:1 | You fall into a shaft and drop 1 floor!
 25875 | Shoals:1 | Mangled by a spectral alligator snapping turtle

Illustrated notes

Levels and vault maps discovered:
D:1:      lordsloth_arrival_two_stooges, layout_basic, corexii_corridor_pit,
          hex_large, patterned_corridor
D:2:      layout_basic, nrook_mini_backslash, uniq_robin
D:3:      layout_rooms, saegor_snake_ambush
D:4:      layout_basic, chequers_serial_rivers_micro_e, st_stairs_2,
          minmay_tree_intersection, nicolae_half_adder, uniq_crazy_yiuf_cottage,
          uniq_sigmund
D:5:      layout_rooms, mainiacjoe_overflow_boulevard, minmay_temple_entry_grid,
          serial_shops, shop, minmay_fountain_box, corner_web_ring
D:6:      layout_basic, nicolae_shop_overcharged_wands
D:7:      layout_loops_ring, kennysheep_mini_moat, uniq_prince_ribbit1
D:8:      layout_cave_pools, chequers_temple_overflow_minitemple,
          lair_entry_dummy, uniq_maurice
D:9:      layout_cave_pools, nicolae_wu_jian_wuxing_cycle, xom_teletrap_fun
D:10:     layout_basic, nicolae_overflow_crystal_walls
D:11:     layout_layer_cave, serial_shops, nicolae_shop_tiny_waterfront
D:12:     layout_irregular_city, orc_0_dummy, gammafunk_ghost_abyssal_escape
D:13:     layout_loops_ring, david_vaults_2, portal_ice_cave_entry_pillars_1
D:14:     layout_basic, nicolae_ru_path_of_blood, lemuel_flame_loot_1
D:15:     grunt_enter_depths_snipers, layout_loops_ring,
          serial_co_window_serial, co_window_paths_b, co_window_corner_a,
          co_window_paths_a, co_window_corner_a, co_window_corner_a,
          co_window_corner_ca, co_window_2corner, co_window_corner_ca,
          co_window_of_opportunity_c, co_window_paths_c, glass_columns_c,
          glass_columns_c, glass_columns_a, glass_columns_b, st_stairs_3,
          fedhas_altar_2, uniq_agnes
Temple:   eino_narrow_crystal_temple
Lair:1:   beast_lair_carwin_large_1, layout_hall_layers, grunt_megastairs_4
Lair:2:   layout_cellular_growth, infiniplex_staircase_pool
Lair:3:   layout_concentric_octagons, elwin_shoals_entry_rocks,
          spider_nest_entry_a
Lair:4:   layout_hall_layers, slime_entry_1, nzn_ghost_randoct
Lair:5:   minmay_lair_end_frog_pond, layout_big_grid, uniq_snorg
Shoals:1: layout_shoals, serial_shops, shop, ebering_ghost_davey_jones,
          uniq_aizul
Shoals:2: layout_shoals, st_cyclops, uniq_ilsuiw, uniq_mlioglotl, uniq_roxanne,
          uniq_nikola
Spider:1: layout_chambers, hangedman_spider_tarantella_strand, uniq_asterion
Spider:2: layout_spider_delve, nicolae_spider_paper_wasps, uniq_frances
Spider:3: layout_spider_delve, nicolae_spider_orb_run
Spider:4: guppyfry_spider_rune, uniq_donald
Orc:1:    layout_caves, basic_altar, serial_shops, nicolae_lakefront_shop,
          library_closet, led_sif_book, uniq_josephine, uniq_sonja, uniq_jorgrun
Orc:2:    grunt_orc_gardens, layout_caves, grunt_orc_garden, grunt_orc_garden,
          grunt_orc_garden, grunt_orc_garden, serial_shops, nicolae_square_shop

Skill      XL: |  1  2  3  4  5  6  7  8  9 10 11 12 13 14 15 16 17 |
---------------+----------------------------------------------------+-----
Fighting       | 1 2 3 4 8 11 14 | 14.9
Axes           | 1 2 3 5 6 8 10 12 14 16 18 | 18.0
Shields        | 3 4 6 8 10 12 | 12.0
Armour         | 9 12 16 20 | 20.0
Dodging        | 6 |  6.0
Stealth        | |  1.1
Evocations     | |  3.0

Action                     |  1- 3 |  4- 6 |  7- 9 | 10-12 | 13-15 | 16-18 || total
---------------------------+-------+-------+-------+-------+-------+-------++-------
  Melee: Club              |    29 |       |       |       |       |       ||    29
         Whip              |    64 |       |       |       |       |       ||    64
         Tailslap          |     9 |    15 |    33 |   105 |   257 |   176 ||   595
         Punch             |     1 |       |       |       |       |       ||     1
         War axe           |    30 |    98 |   253 |   588 |   657 |       ||  1626
         Broad axe         |       |       |       |       |   777 |  1063 ||  1840
         Scimitar          |       |       |       |       |     7 |       ||     7
  Throw: Dart              |       |       |       |       |     1 |       ||     1
 Invoke: Potion Petition   |       |       |       |       |     7 |     7 ||    14
  Evoke: Wand              |       |     5 |    20 |     9 |    17 |    29 ||    80
    Use: Scroll            |       |       |    20 |    12 |    15 |     2 ||    49
         Potion            |       |       |       |     5 |     3 |     7 ||    15
   Stab: Distracted        |       |       |       |     3 |     8 |     5 ||    16
         Petrified         |       |       |       |     1 |       |       ||     1
         Invisible         |       |       |       |       |    10 |     3 ||    13
 Armour: Leather armour    |    58 |       |       |       |       |       ||    58
         Chain mail        |       |    73 |    24 |       |   346 |   899 ||  1342
         Plate armour      |       |       |   120 |   100 |       |       ||   220
         Ring mail         |       |       |       |   174 |   250 |       ||   424
         Skin              |       |       |       |       |     8 |       ||     8
  Dodge: Dodged            |    65 |    26 |    10 |    86 |   285 |   353 ||   825
  Block: Tower shield      |       |    27 |   207 |   510 |   329 |       ||  1073
         Kite shield       |       |       |       |       |   625 |   808 ||  1433
         Reflection        |       |       |       |       |    32 |    27 ||    59
